 Dungeon Crawl Stone Soup version 0.25.1-2-g60ff931df9 (webtiles) character file.

Game seed: 4342633874976021878

6827 Gabide the Thrower (level 11, 0/63 HPs)
             Began as a Kobold Hunter on Aug 3, 2020.
             Was a Follower of Ashenzari.
             Killed from afar by an orc wizard (4 damage)
             ... with a magic dart
             ... on level 9 of the Dungeon.
             The game lasted 01:05:46 (12500 turns).

Gabide the Thrower (Kobold Hunter)                 Turns: 12500, Time: 01:05:47

Health: 0/63       AC: 14    Str: 12    XL:     11   Next: 25%
Magic:  11/11      EV: 17    Int: 12    God:    Ashenzari [*.....]
Gold:   183        SH:  7    Dex: 17    Spells: 10/10 levels left

rFire    . . .     SeeInvis .   a - +5 short sword (curse)
rCold    . . .     Gourm    .   t - +0 buckler of Trumpets {Harm} (curse)
rNeg     . . .     Faith    .   e - +4 ring mail (curse)
rPois    .         Spirit   .   z - +2 helmet (curse)
rElec    .         Reflect  .   (no cloak)
rCorr    +         Harm     +   (no gloves)
MR       +....                  n - +0 pair of boots (curse)
Stlth    +.........             (no amulet)
HPRegen  0.20/turn              p - ring of protection from magic (curse)
MPRegen  0.12/turn              m - ring of resist corrosion

@: about to teleport
A: small, carnivore
a: Curse Item, Scrying, Renounce Religion


You were on level 9 of the Dungeon.
You worshipped Ashenzari.
Ashenzari was aware of your devotion.
You were not hungry.

You visited 2 branches of the dungeon, and saw 10 of its levels.

You collected 561 gold pieces.
You spent 378 gold pieces at shops.

Inventory:

Hand Weapons
 a - a cursed +5 short sword (weapon)
 q - the +5 trident "Widowmaker" {freeze, *Rage MR++}
   (You took it off an orc wizard on level 6 of the Dungeon)

   It has been specially enchanted to freeze those struck by it, causing extra
   injury to most foes and up to half again as much damage against particularly
   susceptible opponents.
   It can also slow down cold-blooded creatures.
   It affects your resistance to hostile enchantments.
   It may make you go berserk in combat.
 r - a +1 short sword of venom
Missiles
 j - 135 stones (quivered)
Armour
 d - a +0 helmet
 e - a cursed +4 ring mail (worn)
 n - a cursed +0 pair of boots (worn)
 t - the cursed +0 buckler of Trumpets (worn) {Harm}
   (You bought it in a shop on level 5 of the Dungeon)

   It increases damage dealt and taken.
   It has a curse placed upon it.
 u - +0 steam dragon scales
 z - a cursed +2 helmet (worn)
 A - a scarf of resistance
 D - a +0 leather armour of magic resistance
Jewellery
 m - a ring of resist corrosion (right hand)
 p - a cursed ring of protection from magic (left hand)
Wands
 b - a wand of enslavement (2)
 l - a wand of acid (3)
 v - a wand of paralysis (19)
 x - a wand of digging (7)
Scrolls
 i - 2 scrolls of remove curse
 y - a scroll of blinking {unknown}
Potions
 c - a potion of flight
 h - a potion of haste
 k - a potion of cancellation
 o - a potion of magic
 s - a potion of stabbing {unknown}
Comestibles
 f - 15 rations


   Skills:
 + Level 5.0 Fighting
 + Level 10.0 Short Blades
 + Level 10.5 Throwing
 + Level 5.1 Armour
 + Level 7.1 Dodging
 - Level 1.7 Stealth
 - Level 5.6 Shields
 + Level 0.2 Evocations


You had 10 spell levels left.
You didn't know any spells.
Your spell library contained the following spells:

 Spells                   Type           Power        Failure   Level  Hunger
 Summon Small Mammal      Summ           #...         56%         1    ##.....
 Call Imp                 Summ           #.......     71%         2    ###....
 Call Canine Familiar     Summ           #.......     90%         3    ####...
 Summon Guardian Golem    Hex/Summ       #.......     90%         3    ####...
 Summon Ice Beast         Ice/Summ       #.......     100%        4    #####..
 Summon Lightning Spire   Summ/Air       #.......     100%        4    #####..


Dungeon Overview and Level Annotations

Branches:
Dungeon (9/15)             Temple (1/1) D:5            Lair (0/6) D:8
    Orc: D:9-12

Altars:
Ashenzari
Cheibriados
Dithmenos
Elyvilon
Fedhas
Gozag
Hepliaklqana
Kikubaaqudgha
Makhleb
Nemelex Xobeh
Okawaru
Qazlal
Ru
Sif Muna
Trog
Uskayaw
Vehumet
Wu Jian
Xom
Yredelemnul
Zin
The Shining One

Shops:
D:5 [}   D:9 [


Innate Abilities, Weirdness & Mutations

You are small and have problems with some larger weapons.
You are carnivorous and can eat meat at any time.


Message History

The hornet zombie misses you.
Evoke which item? (* to show all) (? for menu, Esc to quit)
Aiming: Paralyse
Press: ? - help, Shift-Dir - straight line The orc warrior resists with some effort.
The orc warrior hits you with a +0 mace!
* * * LOW HITPOINT WARNING * * *
The hornet zombie hits you but does no damage.
As you read the scroll of teleportation, it crumbles to dust.
You feel strangely unstable. The orc warrior closely misses you.
The hornet zombie completely misses you.
You hit the orc warrior.
You kill the orc warrior!
Training target 5.6 for Shields reached!
Your Short Blades skill increases to level 10!
The hornet zombie hits you.
* * * LOW HITPOINT WARNING * * *
A magic dart appears from out of thin air!
The magic dart hits you.
You die...

.......?.########..###.#
.........# ##.# ##
.....<...# #.###..##
.........# #.......$
.........# ##..###$##
.........# ##..##
.........# #..##
......... #Z## #@# #)#
#{o{V...⌠ ..#####.. #..#
#(.# #... #$.. ##..


You could see an orc and a hornet zombie.

Vanquished Creatures
  A deep elf mage (D:9)
  Maggie (D:6)
  3 trolls (D:9)
  2 hippogriffs
  A spriggan (D:7)
  2 yaks
  A wyvern (D:6)
  A steam dragon (D:8)
  A basilisk (D:8)
  A hungry ghost (D:8)
  Duvessa (D:6)
  2 orc warriors
  2 black bears
  A phantom (D:6)
  A necrophage (D:8)
  2 ice beasts
  3 ogres
  A crocodile (D:8)
  5 centaurs
  3 bullfrogs
  Blork the orc (D:6)
  Dowan (D:6)
  A scorpion (D:8)
  A killer bee (D:9)
  3 howler monkeys
  5 crimson imps
  3 bullfrog zombies
  A centaur zombie (D:7)
  4 hounds
  2 jellies
  8 orc wizards
  A quasit (D:8)
  3 orc priests
  A bullfrog skeleton (D:7)
  Ijyb (D:3)
  8 worker ants
  3 killer bee zombies
  2 hound skeletons
  2 worker ant zombies
  Robin (D:2)
  3 gnolls (D:6)
  14 adders
  4 shadow imps
  An adder skeleton (D:5)
  6 worms
  3 dart slugs
  6 leopard geckos
  15 orcs
  5 bats
  3 giant cockroaches (D:1)
  23 goblins
  8 hobgoblins
  5 jackals
  A quokka (D:4)
  3 ball pythons
  2 frilled lizards
  8 kobolds
  A leopard gecko skeleton (D:5)
  A leopard gecko zombie (D:5)
  2 quokka skeletons
  12 rats
213 creatures vanquished.

Vanquished Creatures (others)
  A two-headed ogre (D:8)
  A giant cockroach (D:3)
2 creatures vanquished.

Grand Total: 215 creatures vanquished

Notes
Turn   | Place    | Note
-------+----------+-------------------------------------------
     0 | D:1      | Gabide the Kobold Hunter began the quest for the Orb.
     0 | D:1      | Reached XP level 1. HP: 12/12 MP: 1/1
   121 | D:1      | Reached XP level 2. HP: 17/17 MP: 2/2
   404 | D:1      | Reached skill level 5 in Throwing
   943 | D:2      | Reached XP level 3. HP: 21/21 MP: 3/3
   979 | D:2      | Found a snail-covered altar of Cheibriados.
  1406 | D:2      | Noticed Robin
  1416 | D:2      | Reached XP level 4. HP: 22/26 MP: 4/4
  1451 | D:2      | Killed Robin
  2071 | D:2      | Found a glowing golden altar of the Shining One.
  2248 | D:3      | Reached XP level 5. HP: 23/30 MP: 5/5
  2998 | D:3      | Noticed Ijyb
  3042 | D:3      | Killed Ijyb
  3686 | D:4      | Reached XP level 6. HP: 35/35 MP: 6/6
  3737 | D:3      | Reached skill level 1 in Armour
  4696 | D:4      | Reached XP level 7. HP: 22/40 MP: 7/7
  5916 | D:5      | Entered Level 5 of the Dungeon
  6040 | D:5      | Found Barphaar's Gadget Shop.
  6139 | D:5      | Found Cuubreir's Antique Armour Shoppe.
  6189 | D:5      | Bought a heavily runed buckler for 161 gold pieces
  6190 | D:5      | Identified the cursed +0 buckler of Trumpets {Harm} (You
                  | bought it in a shop on level 5 of the Dungeon)
  6256 | D:5      | Reached skill level 1 in Short Blades
  6604 | D:5      | Found a basalt altar of Yredelemnul.
  7049 | D:5      | Found a staircase to the Ecumenical Temple.
  7058 | Temple   | Entered the Ecumenical Temple
  7132 | Temple   | Became a worshipper of Ru the Awakened
  7213 | D:6      | Reached XP level 8. HP: 39/45 MP: 8/8
  7213 | D:6      | Reached skill level 1 in Shields
  7242 | D:6      | Noticed Blork the orc
  7255 | D:6      | Killed Blork the orc
  7412 | D:6      | Noticed Duvessa
  7412 | D:6      | Noticed Dowan
  7428 | D:6      | Killed Duvessa
  7436 | D:6      | Killed Dowan
  7819 | D:6      | Noticed Maggie
  7844 | D:6      | Killed Maggie
  7844 | D:6      | Reached XP level 9. HP: 48/50 MP: 9/9
  8085 | D:6      | Reached skill level 5 in Short Blades
  8214 | D:6      | Identified the +5 trident "Widowmaker" {freeze, *Rage MR++}
  8250 | D:6      | Reached skill level 5 in Dodging
  8600 | D:6      | Found a shattered altar of Ashenzari.
  8631 | D:6      | Noticed a moth of wrath
  8634 | D:6      | Found a bloodstained altar of Trog.
  8861 | D:6      | Fell from the grace of Ru
  8861 | D:6      | Became a worshipper of Ashenzari the Shackled
  9275 | D:7      | Identified the +8 spear "Ceumoshre" {vorpal, Int+4}
  9278 | D:7      | Reached skill level 10 in Throwing
  9326 | D:7      | Found a glowing silver altar of Zin.
  9326 | D:7      | Found a burning altar of Makhleb.
  9327 | D:7      | Noticed a cacodemon
  9327 | D:7      | Noticed an angel
  9717 | D:7      | Reached * piety under Ashenzari
 10086 | D:7      | Reached XP level 10. HP: 56/56 MP: 10/10
 10479 | D:8      | Noticed a two-headed ogre
 10499 | D:8      | Killed a two-headed ogre
 10516 | D:8      | Paralysed by a crimson imp for 6 turns
 11181 | D:8      | Identified the cursed +1 robe of Midsummer {Int+4}
 11194 | D:8      | Reached skill level 5 in Shields
 11430 | D:8      | Found a blossoming altar of Fedhas.
 11524 | D:8      | Found a staircase to the Lair.
 11640 | D:8      | Found a stormy altar of Qazlal.
 12037 | D:9      | Reached XP level 11. HP: 53/61 MP: 11/11
 12067 | D:9      | Noticed a deep elf mage
 12075 | D:9      | Noticed a centaur warrior
 12080 | D:9      | Noticed a deep elf mage
 12083 | D:9      | Killed a deep elf mage
 12083 | D:9      | Reached skill level 5 in Armour
 12328 | D:9      | Found Wurahy's Antique Armour Boutique.
 12333 | D:9      | Bought a glowing helmet for 217 gold pieces
 12472 | D:9      | Reached skill level 5 in Fighting
 12500 | D:9      | Reached skill level 10 in Short Blades
 12500 | D:9      | Killed from afar by an orc wizard

Illustrated notes

Levels and vault maps discovered:
D:1:      minmay_arrival_open_corners, layout_basic
D:2:      layout_basic, nicolae_overflow_hidden_temple, lemuel_doored_altar,
          uniq_robin
D:3:      kennysheep_goblin_castle, layout_loops_ring,
          hangedman_abyss_or_decor_stabs
D:4:      layout_cave_pools, first_ration, nicolae_zen_rock_garden
D:5:      layout_rooms, yredelemnul_altar_generic, temple_hall, serial_shops,
          shop, shop, nrook_mini_vaults
D:6:      layout_loops_ring, ashenzari_altar_1, tgw_trog, uniq_maggie,
          uniq_blork_the_orc, uniq_duvessa
D:7:      layout_layer_cave, grunt_temple_overflow_order_and_chaos_2, the_bakery
D:8:      layout_cave_pools, grunt_temple_overflow_forces_of_nature,
          david_lair_generic
D:9:      minmay_the_grid_octo_tiled_octocenter [minmay_the_grid_octo_clover,
          minmay_the_grid_octo_horde, minmay_the_grid_octo_pinwheel,
          minmay_the_grid_octo_focus,
          minmay_the_grid_octo_prize_square_snowflake,
          minmay_the_grid_square_5x5_percent,
          minmay_the_grid_square_5x5_shuriken, minmay_the_grid_square_5x5_bite,
          minmay_the_grid_square_5x5_z], layout_basic, serial_shops, shop,
          basic_altar
Temple:   eino_temple_lava

Skill      XL: |  1  2  3  4  5  6  7  8  9 10 11 |
---------------+----------------------------------+-----
Throwing       | 5 6 7 8 9 10 | 10.5
Dodging        | 3 4 5 6 7 |  7.1
Armour         | 1 2 3 4 5 |  5.1
Short Blades   | 1 4 6 9 10 | 10.0
Shields        | 2 4 5 |  5.6
Fighting       | 3 4 5 |  5.0
Stealth        | |  1.7
Evocations     | |  0.2

Action                   |  1- 3 |  4- 6 |  7- 9 | 10-12 || total
-------------------------+-------+-------+-------+-------++-------
Melee: Short sword       |    38 |    65 |   372 |   222 ||   697
Throw: Boomerang         |    52 |    96 |       |       ||   148
       Throwing net      |     2 |     1 |       |       ||     3
       Dart              |       |    12 |    34 |    40 ||    86
       Stone             |       |   124 |   174 |    18 ||   316
Invok: Curse Item        |       |       |     4 |     1 ||     5
       Scrying           |       |       |       |     1 ||     1
Evoke: Wand              |       |     1 |     1 |     5 ||     7
  Use: Scroll            |     5 |     6 |    11 |     7 ||    29
       Potion            |       |     6 |     3 |     6 ||    15
 Stab: Sleeping          |     1 |       |     1 |       ||     2
       Held in net/web   |     1 |       |       |       ||     1
       Paralysed         |       |       |       |     3 ||     3
  Eat: Chunk             |    10 |    10 |    16 |     6 ||    42
Armor: Leather armour    |     6 |     6 |       |       ||    12
       Ring mail         |       |    43 |   115 |    57 ||   215
       Skin              |       |    88 |       |       ||    88
Dodge: Dodged            |    42 |   125 |   269 |   140 ||   576
Block: Buckler           |       |       |    96 |    64 ||   160
